 Dungeon Crawl Stone Soup version 0.27.1-2-g3b301248ec (webtiles) character file.

Game seed: 15577898246077789197

25 Crownlay the Chiller (level 3, -7/25 HPs)
             Began as a Gnoll Ice Elementalist on Sept 26, 2021.
             Mangled by Sigmund (8 damage)
             ... on level 2 of the Dungeon on Sept 27, 2021.
             The game lasted 00:03:37 (1367 turns).

Crownlay the Chiller (Gnoll Ice Elementalist)       Turns: 1367, Time: 00:03:37

Health: -7/25      AC:  2    Str:  7    XL:     3   Next: 4%
Magic:  4/9        EV: 13    Int: 15    God:
Gold:   43         SH:  0    Dex: 12    Spells: 4/11 levels left

rFire    . . .     SeeInvis .   b - +0 dagger
rCold    . . .     Faith    .   (no shield)
rNeg     . . .     Spirit   .   a - +0 robe
rPois    .         Reflect  .   (no helmet)
rElec    .         Harm     .   (no cloak)
rCorr    .         Rampage  .   (no gloves)
Will     .....                  (no boots)
Stlth    ++........             (no amulet)
HPRegen  0.08/turn              (no ring)
MPRegen  0.11/turn              (no ring)

@: no status effects
A: fangs 1, strong nose, distributed training
a: no special abilities


You were on level 2 of the Dungeon.
You visited 1 branch of the dungeon, and saw 2 of its levels.

You collected 43 gold pieces.

Inventory:

Hand Weapons
 b - a +0 dagger (weapon)
Armour
 a - a +0 robe (worn)
Scrolls
 d - 2 scrolls of identify {unknown}
 e - a scroll of brand weapon {unknown}
Potions
 c - a potion of brilliance {unknown}


   Skills:
 + Level 0.5 Fighting
 + Level 0.5 Short Blades
 + Level 0.5 Long Blades
 + Level 0.5 Axes
 + Level 0.5 Maces & Flails
 + Level 0.5 Polearms
 + Level 0.5 Staves
 + Level 0.5 Slings
 + Level 0.5 Bows
 + Level 0.5 Crossbows
 + Level 0.5 Throwing
 + Level 0.5 Armour
 + Level 4.5 Dodging
 + Level 4.1 Stealth
 + Level 0.5 Shields
 + Level 0.5 Unarmed Combat
 + Level 4.9 Spellcasting
 + Level 0.4 Conjurations
 + Level 0.4 Hexes
 + Level 0.4 Summonings
 + Level 0.4 Necromancy
 + Level 0.4 Translocations
 + Level 0.4 Transmutations
 + Level 0.4 Fire Magic
 + Level 7.0 Ice Magic
 + Level 0.4 Air Magic
 + Level 0.4 Earth Magic
 + Level 0.4 Poison Magic
 + Level 0.7 Invocations
 + Level 0.5 Evocations


You had 4 spell levels left.
You knew the following spells:

 Your Spells              Type           Power      Damage    Failure   Level
a - Freeze                Ice            100%       1d11      1%          1
b - Frozen Ramparts       Ice            50%        1d7       2%          3
c - Ozocubu's Armour      Ice            25%        N/A       2%          3

Your spell library contained the following spells:

 Spells                   Type           Power      Damage    Failure   Level
 Ensorcelled Hibernation  Hex/Ice        28%        N/A       5%          2
 Corona                   Hex            4%         N/A       14%         1
 Hailstorm                Conj/Ice       14%        3d5       34%         4
 Tukima's Dance           Hex            4%         N/A       38%         3


Dungeon Overview and Level Annotations

Branches:
Dungeon (2/15)

Altars:
Xom

Annotations:
D:2 Sigmund


Innate Abilities, Weirdness & Mutations

You have very sharp teeth.
Your uncanny sense of smell can sniff out nearby items.
Your experience applies equally to all skills.


Message History

g - Guard the area. f - Follow me.
Anything else - Cancel.
You bark for attention!
Sigmund shouts!
The bat barely misses you. The bat closely misses you.
You completely miss the bat. The bat hits you. The bat hits you.
Sigmund points at you and mumbles some strange words.
The magic dart hits you. The bat hits you but does no damage.
The bat completely misses you.
Sigmund's eyes start glowing with a red light.
Sigmund casts a spell.
Sigmund flickers and vanishes!
Deactivating autopickup; reactivate with Ctrl-A.
Casting: Freeze (safe; 1% risk of failure)
Confirm with . or Enter, or press ? or * to list all spells.
Casting: Frozen Ramparts (dangerous; 2% risk of failure)
Press: ? - help, Dir - look around, f - activate The walls around you are covered in ice.
The wall freezes the bat.
The bat misses you.
The wall freezes the bat but does no damage.
The bat closely misses you.
Casting: Frozen Ramparts (dangerous; 2% risk of failure)
Confirm with . or Enter, or press ? or * to list all spells.
A film of ice covers your body!
The wall freezes the bat.
You kill the bat!
The wall freezes something.
The wall freezes something.
Something hits you.
The wall freezes something!
Something hits you.
The wall freezes something.
Something hits you!
* * * LOW HITPOINT WARNING * * *
Your icy armour cracks and falls away as you move.
The frozen ramparts melt away as you move.
There is a strange disturbance nearby!
Casting: Ozocubu's Armour (dangerous; 2% risk of failure)
Confirm with . or Enter, or press ? or * to list all spells.
You can't see any susceptible monsters within range! (Use Z to cast anyway.)
Something hits you!
You die...

#.... . .###...#### ....
.. ........>. .........
... ........# ..........
....###.#.##.###..........
#...†.......##.#........
..#...#...##.#..........#
..........{†...........#
........#@###..#.†.....#
....#.....###....†.....#
... ##....##..##.......+..
.. ##...##.###.......... .
##..##.####.........
#......##.......##.
#.......#.........# #.
#.................# . #.
#..................


There were no monsters in sight!

Vanquished Creatures
  A dart slug (D:1)
  4 bats (D:2)
  3 giant cockroaches (D:1)
  3 goblins (D:1)
  2 hobgoblins (D:1)
  A quokka (D:1)
  4 ball pythons (D:1)
  A frilled lizard (D:1)
  A kobold (D:1)
20 creatures vanquished.

Notes
Turn   | Place    | Note
-------+----------+-------------------------------------------
     0 | D:1      | Crownlay the Gnoll Ice Elementalist began the quest for the
                  | Orb.
     0 | D:1      | Reached XP level 1. HP: 13/13 MP: 6/6
   431 | D:1      | Reached XP level 2. HP: 19/19 MP: 5/7
  1254 | D:2      | Found a shimmering altar of Xom.
  1308 | D:2      | Noticed Sigmund
  1326 | D:2      | Reached XP level 3. HP: 25/25 MP: 7/9
  1330 | D:2      | Learned a level 3 spell: Frozen Ramparts
  1334 | D:2      | Learned a level 3 spell: Ozocubu's Armour
  1364 | D:2      | HP: 1/25 [something (10)]
  1367 | D:2      | Mangled by Sigmund

Illustrated notes

Levels and vault maps discovered:
D:1:      minmay_arrival_four_houses, layout_loops_corners
D:2:      layout_rooms, basic_altar, hellmonk_ecumenical_altar_blasted,
          minmay_tetromino_t2, uniq_sigmund

Action                   || total
-------------------------++-------
Melee: Unarmed           ||     2
       Dagger            ||     6
       Bite              ||     1
 Cast: Freeze            ||    28
       Ozocubu's Armour  ||     1
       Frozen Ramparts   ||     1
Armor: Robe              ||     5
Dodge: Dodged            ||    21
